 Dungeon Crawl Stone Soup version 0.29.1-12-g30fa7ad0bf (webtiles) character file.

Game seed: 2023039908695287023

3422 112233 the Thaumaturge (level 9, -10/46 HPs)
             Began as a Spriggan Earth Elementalist on Dec 17, 2022.
             Was an Initiate of Gozag.
             Mangled by Joseph
             ... wielding a +0 quarterstaff
              (16 damage)
             ... on level 8 of the Dungeon.
             The game lasted 00:10:49 (10477 turns).

112233 the Thaumaturge (SpEE)                      Turns: 10477, Time: 00:10:49

Health: -10/46     AC:  3    Str:  4    XL:     9   Next: 76%
Magic:  6/24       EV: 21    Int: 20    God:    Gozag
Gold:   341        SH:  0    Dex: 16    Spells: 16/28 levels left

rFire   . . .      SeeInvis +   f - +1 short sword (elec)
rCold   . . .      Faith    .   (no shield)
rNeg    . . .      Spirit   .   a - +0 robe
rPois   .          Reflect  .   (helmet restricted)
rElec   .          Harm     .   s - +0 cloak
rCorr   .          Rampage  .   (gloves unavailable)
Will    +....                   (boots unavailable)
Stlth   ++........              (no amulet)
HPRegen 0.15/turn               (no ring)
MPRegen 0.19/turn               (no ring)

@: about to teleport, gold aura, very quick
A: very small, no large weapons, unfitting armour, see invisible, speed 3
a: Renounce Religion, Potion Petition, Call Merchant, Bribe Branch


You were on level 8 of the Dungeon.
You worshipped Gozag.
Gozag was aware of your devotion.
You visited 1 branch of the dungeon, and saw 8 of its levels.

You collected 1304 gold pieces.
You spent 209 gold pieces at shops.
You paid 754 gold pieces to Gozag.

Inventory:

Hand Weapons
 e - a +0 short sword
 f - a +1 short sword of electrocution (weapon)
 q - a +2 dagger of draining
 D - a +0 short sword of draining
Missiles
 r - 22 poisoned darts
 G - 5 silver javelins
Armour
 a - a +0 robe (worn)
 m - a +0 buckler
 s - a +0 cloak (worn)
Jewellery
 A - a +4 ring of protection
Wands
 C - a wand of charming (7)
 E - a wand of flame (14) (quivered)
 I - a wand of roots (9)
Scrolls
 c - 3 scrolls of immolation {unknown}
 d - a scroll of blinking {unknown}
 g - 7 scrolls of identify
 h - a scroll of brand weapon {unknown}
 p - 4 scrolls of noise
 t - 2 scrolls of enchant armour {unknown}
 v - a scroll of teleportation
 w - 2 scrolls of poison
 y - a scroll of magic mapping {unknown}
 F - a scroll of torment {unknown}
 H - a scroll of amnesia {unknown}
Potions
 b - a potion of magic
 i - 3 potions of invisibility {unknown}
 j - 3 potions of brilliance {unknown}
 k - 2 potions of curing {unknown}
 l - a potion of attraction {unknown}
 n - 4 potions of haste {unknown}
 o - 4 potions of mutation {unknown}
 u - a potion of flight {unknown}
 x - a potion of berserk rage {unknown}
 z - a potion of experience {unknown}
 B - a potion of cancellation {unknown}


   Skills:
 + Level 4.4 Fighting
 + Level 7.8 Dodging
 - Level 3.0 Stealth
 + Level 3.9 Shields
 * Level 10.0 Spellcasting
 + Level 3.7 Transmutations
 + Level 5.7 Earth Magic


You had 16 spell levels left.
You knew the following spells:

 Your Spells              Type           Power      Damage    Failure   Level
a - Sandblast             Erth           66%        2d15      1%          1
b - Stone Arrow           Conj/Erth      42%        3d9       6%          3
c - Passwall              Tmut/Erth      24%        N/A       1%          2
d - Petrify               Tmut/Erth      29%        N/A       10%         4
e - Wereblood             Tmut           25%        N/A       2%          2

Your spell library contained the following spells:

 Spells                   Type           Power      Damage    Failure   Level
 Beastly Appendage        Tmut           50%        N/A       1%          1
 Spider Form              Tmut/Pois      17%        N/A       10%         3
 Blink                    Tloc           20%        N/A       11%         2
 Ignite Poison            Fire/Tmut/Pois 15%        N/A       12%         3
 Confusing Touch          Hex            10%        N/A       21%         3
 Lesser Beckoning         Tloc           10%        N/A       21%         3
 Mephitic Cloud           Conj/Pois/Air  10%        N/A       21%         3
 Yara's Violent Unravell  Hex/Tmut       8%         3d5       65%         5
 Freezing Cloud           Conj/Ice/Air   5%         6-21      88%         5
 Manifold Assault         Tloc           10%        N/A       88%         5
 Enfeeble                 Hex            5%         N/A       100%        7


Dungeon Overview and Level Annotations

Branches:
Dungeon (8/15)             Temple (0/1) D:6
   Lair: D:8-11

Altars:
Dithmenos
Gozag
Okawaru
Qazlal
Sif Muna
Vehumet
The Shining One

Shops:
D:3 ?

Annotations:
D:3 exclusion: downstairs
D:6 exclusion: upstairs
D:8 Joseph


Innate Abilities, Weirdness & Mutations

You are very small and have problems with some larger weapons.
You are too small for most types of armour.
You have supernaturally acute eyesight. (SInv)
You cover ground extremely quickly. (Speed+++)


Message History

Aiming: Stone Arrow (dangerous; 6% risk of failure)
Press: ? - help, Shift-Dir - straight line, f - Joseph
Aim: Joseph, wielding a +0 quarterstaff and wearing a +0 leather armour (71% to hit)
The stone arrow misses Joseph.
Unknown command.
Casting: Stone Arrow (dangerous; 6% risk of failure)
Confirm with . or Enter, or press ? or * to list all spells.
Aiming: Stone Arrow (dangerous; 6% risk of failure)
Press: ? - help, Shift-Dir - straight line, f/p - Joseph
Aim: Joseph, wielding a +0 quarterstaff and wearing a +0 leather armour (71% to hit)
The stone arrow misses Joseph.
Unknown command.
Casting: Stone Arrow (dangerous; 6% risk of failure)
Confirm with . or Enter, or press ? or * to list all spells.
Aiming: Stone Arrow (dangerous; 6% risk of failure)
Press: ? - help, Shift-Dir - straight line, f/p - Joseph
Aim: Joseph, wielding a +0 quarterstaff and wearing a +0 leather armour (71% to hit)
The stone arrow misses Joseph.
Joseph closely misses you.
Unknown command.
Casting: Stone Arrow (dangerous; 6% risk of failure)
Confirm with . or Enter, or press ? or * to list all spells.
Aiming: Sandblast (safe; 1% risk of failure)
Press: ? - help, Shift-Dir - straight line, f/p - Joseph
Aim: Joseph, wielding a +0 quarterstaff and wearing a +0 leather armour (84% to hit)
The blast of sand hits Joseph.
Joseph is lightly wounded.
Joseph hits you with a +0 quarterstaff!
Casting: Sandblast (safe; 1% risk of failure)
Confirm with . or Enter, or press ? or * to list all spells.
Aiming: Stone Arrow (dangerous; 6% risk of failure)
Press: ? - help, Shift-Dir - straight line, f/p - Joseph
Aim: Joseph, wielding a +0 quarterstaff and wearing a +0 leather armour (lightly wounded, 71% to hit)
The stone arrow misses Joseph.
Joseph hits you with a +0 quarterstaff!!
* * * LOW HITPOINT WARNING * * *
Okay, then.
As you read the scroll of teleportation, it crumbles to dust.
You feel strangely unstable. Joseph hits you with a +0 quarterstaff!
You die...
Your body crumbles into a pile of gold.

#.#.##.#.##...#.#.##.#######
###... #.##...#.#..........#
#### #.##...#.#..........#
#.##.###'####.......# ##
#.####≈≈.≈≈≈######### #.
#.###≈≈....≈≈≈## #.
#≈≈.......≈≈## #.
#≈....♣....≈≈# #.
+....#@###..≈# #.
#≈...#.@.#..≈≈# #.
#≈...#$♣?# ..≈# #.
#≈≈..#..$# ≈# #. ##≈. ### #
+ #. ... ###


You could see Joseph.

Vanquished Creatures
  Pikel (D:4)
  A hornet (D:8)
  Eustachio (D:5)
  A steam dragon (D:7)
  Menkaure (D:4)
  3 water moccasins (D:7)
  2 black bears
  2 orc warriors
  2 ogres
  3 centaurs
  A phantom (D:5)
  A gnoll sergeant (D:8)
  A necrophage (D:6)
  A jelly (D:4)
  5 killer bees (D:8)
  A howler monkey (D:6)
  3 hounds
  3 orc priests
  A gnoll bouda (D:4)
  12 orc wizards
  2 iguanas (D:5)
  8 gnolls
  8 adders
  A white imp (D:6)
  An ufetubus (D:7)
  2 worms (D:2)
  4 dart slugs
  24 orcs
  9 ball pythons
  6 endoplasms
  2 giant cockroaches
  7 hobgoblins
  6 jackals
  2 quokkas
  3 bats
  9 goblins
  6 kobolds
  3 rats (D:2)
149 creatures vanquished.

Notes
Turn   | Place    | Note
-------+----------+-------------------------------------------
     0 | D:1      | 112233 the Spriggan Earth Elementalist began the quest for
                  | the Orb.
     0 | D:1      | Reached XP level 1. HP: 9/9 MP: 5/5
     0 | D:1      | Found a faded altar of an unknown god.
    27 | D:1      | Prayed at the altar of an unknown god.
    27 | D:1      | Became a worshipper of Gozag Ym Sagoz the Greedy
   361 | D:1      | Reached skill level 3 in Spellcasting
   480 | D:1      | Reached XP level 2. HP: 14/14 MP: 5/7
  1033 | D:2      | Reached XP level 3. HP: 15/17 MP: 7/9
  1291 | D:2      | Reached skill level 1 in Fighting
  1644 | D:2      | Reached skill level 4 in Spellcasting
  1644 | D:2      | Reached XP level 4. HP: 22/22 MP: 8/11
  1992 | D:3      | Learned a level 3 spell: Stone Arrow
  1995 | D:3      | Learned a level 2 spell: Passwall
  2042 | D:3      | Found an opulent altar of Gozag.
  2442 | D:3      | Noticed a centaur
  2448 | D:3      | Killed a centaur
  2449 | D:3      | Reached XP level 5. HP: 12/25 MP: 3/13
  2786 | D:3      | Found Ynekkotweter's Magic Scroll Emporium.
  2801 | D:3      | Bought a scroll of teleportation for 33 gold pieces
  2801 | D:3      | Bought a scroll of identify for 22 gold pieces
  2801 | D:3      | Bought a scroll of noise for 11 gold pieces
  2801 | D:3      | Bought a scroll of poison for 44 gold pieces
  2801 | D:3      | Bought a scroll of poison for 44 gold pieces
  2801 | D:3      | Bought a scroll of teleportation for 33 gold pieces
  2801 | D:3      | Bought a scroll of identify for 22 gold pieces
  2940 | D:4      | Found a shadowy altar of Dithmenos.
  3181 | D:3      | Reached skill level 1 in Shields
  3181 | D:3      | Reached skill level 5 in Spellcasting
  3578 | D:4      | Noticed a lemure
  3579 | D:4      | Noticed a lemure
  3580 | D:4      | Reached XP level 6. HP: 26/30 MP: 10/14
  4348 | D:4      | Found a stormy altar of Qazlal.
  4350 | D:4      | Noticed a fire elemental
  4351 | D:4      | Noticed an air elemental
  4351 | D:4      | Noticed a water elemental
  4426 | D:4      | Noticed Pikel
  4465 | D:5      | Entered Level 5 of the Dungeon
  4531 | D:5      | Noticed an orc warrior
  4545 | D:5      | Killed an orc warrior
  4546 | D:5      | Reached skill level 6 in Spellcasting
  4546 | D:5      | Reached XP level 7. HP: 35/35 MP: 0/17
  4933 | D:6      | Reached skill level 5 in Dodging
  5228 | D:6      | Found a staircase to the Ecumenical Temple.
  5768 | D:5      | Noticed Eustachio
  5856 | D:5      | Killed Eustachio
  5970 | D:5      | Reached skill level 7 in Spellcasting
  6077 | D:5      | Reached XP level 8. HP: 39/39 MP: 16/19
  6861 | D:4      | Noticed Menkaure
  6869 | D:4      | Killed Pikel
  6870 | D:4      | Reached skill level 8 in Spellcasting
  7173 | D:4      | Killed Menkaure
  7404 | D:5      | Reached skill level 5 in Earth Magic
  7638 | D:5      | Reached XP level 9. HP: 44/45 MP: 0/22
  7662 | D:5      | Learned a level 4 spell: Petrify
  7665 | D:5      | Learned a level 2 spell: Wereblood
  7789 | D:5      | You fall into a shaft and drop 3 floors!
  8035 | D:7      | Reached skill level 9 in Spellcasting
  8489 | D:6      | Found a radiant altar of Vehumet.
  8583 | D:6      | Found a glowing golden altar of the Shining One.
  8584 | D:6      | Found an iron altar of Okawaru.
  9355 | D:7      | Found a shimmering blue altar of Sif Muna.
 10410 | D:8      | Reached skill level 10 in Spellcasting
 10471 | D:8      | Noticed Joseph
 10477 | D:8      | Mangled by Joseph

Illustrated notes

Levels and vault maps discovered:
D:1:      erik_arrival_blinker_ship, layout_rooms,
          ebering_ecumenical_altar_abandoned, kennysheep_pointless_box,
          hangedman_decor_push
D:2:      layout_basic
D:3:      layout_basic, nicolae_overflow_crystal_walls, serial_shops, shop
D:4:      layout_basic, grunt_dithmenos_smoke, nicolae_qazlal_style_of_elements,
          nicolae_ossuary_entry_plus, uniq_menkaure, uniq_pikel
D:5:      layout_loops_ring, uniq_eustachio
D:6:      layout_loops_corners, minitemple, temple_fountains,
          nicolae_zen_rock_garden, chequers_decorated_corner
D:7:      layout_loops_ring, led_sif_book
D:8:      layout_basic, mainiacjoe_overflow_24_doors, fountainhead,
          kennysheep_potato, uniq_joseph

Skill      XL: |  1  2  3  4  5  6  7  8  9 |
---------------+----------------------------+-----
Spellcasting   | 3 4 5 6 7 8 10 | 10.0
Dodging        | 3 4 5 6 7 |  7.8
Earth Magic    | 3 4 5 |  5.7
Fighting       | 1 2 3 4 |  4.4
Shields        | 1 2 3 |  3.9
Transmutations | 3 |  3.7
Stealth        | |  3.0

Action                   |  1- 3 |  4- 6 |  7- 9 || total
-------------------------+-------+-------+-------++-------
Melee: Short sword       |     3 |     2 |     3 ||     8
 Cast: Sandblast         |    65 |    85 |    97 ||   247
       Stone Arrow       |       |     9 |    93 ||   102
Invok: Potion Petition   |       |       |     1 ||     1
Evoke: Wand              |       |       |     6 ||     6
  Use: Potion            |       |       |     7 ||     7
       Scroll            |       |       |     1 ||     1
Armor: Robe              |     3 |     9 |     4 ||    16
Dodge: Dodged            |    24 |    54 |    82 ||   160
